 Dungeon Sprint DCSS version 0.31-a0-4-gefa6de2278 (webtiles) character file.

Game seed: 4189982139408822567

1516 rocky1 the Cleaver (level 8, -6/78 HPs)
             Began as a Hill Orc Monk on May 3, 2023.
             Was the Champion of Cheibriados.
             Mangled by a catoblepas (10 damage)
             ... while petrified by a catoblepas
             ... in the Dungeon (Sprint VII: "The Pits").
             The game lasted 00:02:39 (804 turns).

rocky1 the Cleaver (Hill Orc Monk)                   Turns: 804, Time: 00:02:39

Health: -6/78      AC:  2    Str: 29    XL:     8   Next: 83%
Magic:  12/16      EV:  2    Int: 27    God:    Cheibriados [******]
Gold:   0          SH:  0    Dex: 28    Spells: 17/17 levels left

rFire   . . .        n - +2 hand axe (drain)
rCold   . . .        d - orb {light}
rNeg    + + +        b - +0 robe
rPois   ∞            (no helmet)
rElec   .            (no cloak)
rCorr   .            (no gloves)
SInv    .            (no boots)
Will    .....        (no amulet)
Stlth   +            (no ring)
HPRegen 0.33/turn    (no ring)
MPRegen 0.15/turn

%: no teleportation
@: petrified, glowing, very slow
A: no striking features
a: Renounce Religion, Bend Time, Temporal Distortion, Slouch, Step From Time


You were in the Dungeon.
You worshipped Cheibriados.
Cheibriados was exalted by your worship.
You visited 1 branch

Inventory:

Hand Weapons
 a - a +0 hand axe
 n - a +2 hand axe of draining (weapon)
 o - a +2 heavy hand axe
Armour
 b - a +0 robe (worn)
 d - an orb of light (worn)
Scrolls
 l - 5 scrolls of amnesia
Potions
 c - a potion of ambrosia
 e - 6 potions of curing
 f - 5 potions of heal wounds
 g - a potion of haste
 h - 4 potions of magic
 i - 3 potions of berserk rage
 k - 2 potions of invisibility


   Skills:
 + Level 9.6 Fighting
 * Level 13.8 Axes
 + Level 7.8 Armour
 + Level 6.6 Dodging
 + Level 5.4 Spellcasting
 + Level 9.2 Invocations


You had 17 spell levels left.
You didn't know any spells.
Your spell library was empty.

Dungeon Overview and Level Annotations

Branches:
Dungeon (1/1)

Altars:
Ashenzari
Cheibriados
Dithmenos
Elyvilon
Fedhas
Gozag
Hepliaklqana
Kikubaaqudgha
Makhleb
Nemelex Xobeh
Okawaru
Qazlal
Ru
Sif Muna
Trog
Uskayaw
Vehumet
Wu Jian
Xom
Yredelemnul
Zin
The Shining One
Beogh
Jiyva
Lugonu


Message History

The shadow wraith hits you! The shadow wraith drains your vigour!
You feel yourself slow down.
You barely miss the shadow wraith.
The shadow wraith is almost destroyed.
The shadow wraith barely misses you.
You hit the shadow wraith.
You destroy the shadow wraith!
Cheibriados appreciates the change of pace.
The catoblepas breathes a plume of calcifying dust at you.
The blast of calcifying dust hits you!
Your Fighting skill increases to level 9!
Your Axes skill increases to level 13!
Your Spellcasting skill increases to level 5!
Your Invocations skill increases to level 9!
The catoblepas breathes a plume of calcifying dust at you.
The blast of calcifying dust hits you!
Items here: )) [[.
You hit the catoblepas.
The catoblepas is moderately wounded.
You are engulfed in calcifying dust.
You feel yourself speed up. The catoblepas gores you!!
* * * LOW HITPOINT WARNING * * *
You feel much better.
You are engulfed in calcifying dust.
You are slowing down.
The catoblepas gores you but does no damage.
Blink to where?
Press: ? - help, Dir - move target
As you read the scroll of blinking, it crumbles to dust.
Your limbs are stiffening.
As you read the scroll of summoning, it crumbles to dust.
Wisps of shadow whirl around you... The catoblepas gores you.
* * * LOW HITPOINT WARNING * * *
The catoblepas misses you.
You have turned to stone.
The catoblepas gores you!
* * * LOW HITPOINT WARNING * * *
The catoblepas gores you!!
* * * LOW HITPOINT WARNING * * *
The catoblepas gores you!!
You die...

#.#..)†....##.......#
#.#........##.......#
#'###########.......#
#..#.#.##§. #########
#.÷.....#§######
##.#.#.##)#....#
#.......#'#w...#
##.#.#.##.Yx...+
#.......#†#@...#
##.#.#..'.#....#
###############


You could see a catoblepas (ally target), a worm (petrified) and a friendly
small abomination (summoned).

Vanquished Creatures
  A shadow wraith (D)
  A flying skull (D)
  A floating eye (D)
  An orc warrior (D)
  2 ice beasts (D)
  Blork the orc (D)
  A bullfrog (D)
  2 necrophages (D)
  A scorpion (D)
  3 orc priests (D)
  An orc wizard (D)
  A river rat (D)
  An ufetubus (D)
  An adder skeleton (D)
  2 orcs (D)
  A bat (D)
  A bat zombie (D)
  An endoplasm (D)
  A hobgoblin (D)
  A ball python zombie (D)
  A quokka zombie (D)
26 creatures vanquished.

Notes
Turn   | Place    | Note
-------+----------+-------------------------------------------
     0 | D        | rocky1 the Hill Orc Monk began the quest for the Orb.
     0 | D        | Reached XP level 1. HP: 19/19 MP: 1/1
    50 | D        | Found a bloodstained altar of Trog.
    50 | D        | Found a shimmering blue altar of Sif Muna.
    50 | D        | Found a viscous altar of Jiyva.
    50 | D        | Found a hazy altar of Hepliaklqana.
    50 | D        | Found an opulent altar of Gozag.
    51 | D        | Found a glowing golden altar of the Shining One.
    51 | D        | Found a glowing silver altar of Zin.
    51 | D        | Found a basalt altar of Yredelemnul.
    51 | D        | Found a shimmering altar of Xom.
    51 | D        | Found an ornate altar of the Wu Jian Council.
    51 | D        | Found a sacrificial altar of Ru.
    51 | D        | Found a stormy altar of Qazlal.
    51 | D        | Found an iron altar of Okawaru.
    51 | D        | Found a sparkling altar of Nemelex Xobeh.
    51 | D        | Found a burning altar of Makhleb.
    51 | D        | Found a blossoming altar of Fedhas.
    51 | D        | Found a white marble altar of Elyvilon.
    51 | D        | Found a shadowy altar of Dithmenos.
    51 | D        | Found a snail-covered altar of Cheibriados.
    54 | D        | Found a corrupted altar of Lugonu.
    54 | D        | Found a radiant altar of Vehumet.
    54 | D        | Found a roughly hewn altar of Beogh.
    55 | D        | Found an ancient bone altar of Kikubaaqudgha.
    55 | D        | Found a hide-covered altar of Uskayaw.
    55 | D        | Found a broken altar of Ashenzari.
    62 | D        | Became a worshipper of Cheibriados the Contemplative
    62 | D        | Reached * piety under Cheibriados
    62 | D        | Reached ** piety under Cheibriados
    79 | D        | Reached *** piety under Cheibriados
    84 | D        | Noticed a floating eye
    87 | D        | Killed a floating eye
    88 | D        | Reached skill level 5 in Fighting
    88 | D        | Reached skill level 7 in Axes
    88 | D        | Reached XP level 2. HP: 30/30 MP: 1/5
    88 | D        | Reached XP level 3. HP: 37/37 MP: 1/6
    88 | D        | Reached XP level 4. HP: 44/44 MP: 1/7
   147 | D        | Reached **** piety under Cheibriados
   151 | D        | Reached skill level 8 in Axes
   151 | D        | Reached XP level 5. HP: 47/50 MP: 8/8
   155 | D        | Noticed an orc warrior
   157 | D        | Reached ***** piety under Cheibriados
   158 | D        | Reached skill level 9 in Axes
   158 | D        | Reached skill level 5 in Invocations
   160 | D        | Killed an orc warrior
   161 | D        | Reached skill level 5 in Armour
   161 | D        | Reached XP level 6. HP: 47/60 MP: 3/11
   244 | D        | Noticed an ice beast
   248 | D        | Reached skill level 10 in Axes
   252 | D        | Reached skill level 5 in Dodging
   260 | D        | Killed an ice beast
   260 | D        | Reached ****** piety under Cheibriados
   261 | D        | Reached skill level 11 in Axes
   261 | D        | Reached XP level 7. HP: 30/67 MP: 12/12
   649 | D        | Noticed a flying skull
   649 | D        | Noticed Blork the orc
   655 | D        | Reached skill level 12 in Axes
   662 | D        | Killed Blork the orc
   663 | D        | Killed a flying skull
   664 | D        | Reached XP level 8. HP: 38/77 MP: 8/15
   786 | D        | Noticed a catoblepas
   786 | D        | Noticed a shadow wraith
   796 | D        | Killed a shadow wraith
   797 | D        | Reached skill level 13 in Axes
   797 | D        | Reached skill level 5 in Spellcasting
   804 | D        | Mangled by a catoblepas

Illustrated notes

Levels and vault maps discovered:
D:        pitsprint [storerooms_1, entrance_room_1, metal_vault_5, armoury_3,
          mini_pit_1, grid_room_1, main_hall_1, silver_pit, the_coven_2,
          the_vestibule_1, steel_vault_3, golden_pit, hallway_of_sentries,
          crystal_vault_2, iron_vault_2, final_vault]

Skill      XL: |  1  2  3  4  5  6  7  8 |
---------------+-------------------------+-----
Fighting       | 5 6 7 8 9 |  9.6
Axes           | 7 8 9 11 12 13 | 13.8
Armour         | 3 5 6 7 |  7.8
Dodging        | 3 4 5 6 |  6.6
Spellcasting   | 2 3 4 5 |  5.4
Invocations    | 3 4 5 6 8 9 |  9.2

Action                     |  1- 3 |  4- 6 |  7- 9 || total
---------------------------+-------+-------+-------++-------
  Melee: Hand axe          |     9 |    28 |    38 ||    75
 Invoke: Slouch            |       |     1 |     2 ||     3
    Use: Scroll            |       |       |     2 ||     2
         Potion            |       |       |     1 ||     1
 Armour: Robe              |     2 |     3 |     4 ||     9
  Dodge: Dodged            |     7 |    36 |    20 ||    63

Table legend: (Time is in decaauts)
 A = Elapsed time spent in this place.
 B = Non-inter-level travel time spent in this place.
 C = Inter-level travel time spent in this place.
 D = Time resting spent in this place.
 E = Time spent auto-exploring this place.
 F = Levels seen in this place.
 G = Mean time per level.
                   A        B        C        D        E       F      G
               +--------+--------+--------+--------+--------+-----+--------+
         Total |    872 |    835 |     37 |    548 |      0 |   1 |  872.0 |
       Dungeon |    872 |    835 |     37 |    548 |      0 |   1 |  872.0 |
               +--------+--------+--------+--------+--------+-----+--------+

Top non-repeatable levels by time:
       D: 872 daAuts
